[Event "*** SCC Grand Prix: Titled Tuesday Blitz"]
[Site "Chess.com"]
[Date "2020.06.23"]
[Round "7"]
[White "chipmunknau"]
[Black "Gabrielian_Artur"]
[Result "1/2-1/2"]
[WhiteElo "2600"]
[BlackElo "2763"]
[TimeControl "180+1"]
[EndTime "11:19:08 PDT"]
[Termination "Game drawn by repetition"]

1. Nf3 Nf6 2. g3 g6 3. Bg2 Bg7 4. O-O O-O 5. c4 d6 6. Nc3 e5 7.
Rb1 a5 8. a3 Re8 9. d3 Nc6 10.
Bg5 h6 11. Bxf6 Bxf6 12. b4 axb4 13. axb4 Bg7 14. b5 Nd4 15. Nxd4 exd4 16. Nd5 Ra2 17. Bf3 Bh3 18. Re1 Qd7 19. Nb4 Ra7 20. Ra1 Rea8 21. Rxa7 Rxa7 22. Qc2 h5 23. Nd5 c6 24. bxc6 bxc6 25.
Nb4 c5 26. Nd5 Kh7 27. Rb1 Qd8 28. Qd2 Bh6 29. Qb2 Bg7 30. Bg2 Bg4 31. h3 Be6 32. Nf4 Bf5 33. Nd5 Be5 34. Qb6 Qxb6 35. Rxb6 Ra1+ 36.
Kh2 Ra2 37. f4 Bg7 38. Bf3 Bxd3 39. Rxd6 Bxc4 40. Kg1 Bxe2 41. Bxe2 Rxe2 42. Nb6 Rc2 43. Kf1 c4 44. Ke1 d3 45. Kd1 h4 46. gxh4 Bh6 47. Rd4 Rf2 48. Nxc4 Bxf4 49. Rxd3 Rh2 50. Ke1 Bh6 51. Rf3 Kg7 52. Nd6 f5 53. h5 Ra2 54.
hxg6 Kxg6 55. Nxf5 Bd2+ 56. Kf1 Bg5 57. h4 Bf6 58. h5+ Kxh5 59. Ne3 Kg6 60. Rf2 Ra1+ 61. Kg2 Bd4 62. Re2 Kg5 63. Nc2 Rd1 64. Nxd4 Rxd4 65.
Kf3 Rf4+ 66. Kg3 Rg4+ 67. Kf3 Rf4+ 68. Kg3 Rg4+ 69. Kf2 Rf4+ 70. Ke1 Rf5 71. Kd2 Kf6 72. Re4 Re5 73. Rf4+ Rf5 74. Rb4 Re5 75. Kd3 Rd5+ 76.
Ke4 Re5+ 77. Kd4 Rf5 78. Rb6+ Kg5 79. Rc6 Rf4+ 80. Ke5 Rf5+ 81. Ke4 Rf4+ 82. Kd5 Rf5+ 83. Ke4 Rf4+ 84. Kd5 Rf5+ 85. Ke4 1/2-1/2

[Event "*** SCC Grand Prix: Titled Tuesday Blitz"]
[Site "Chess.com"]
[Date "2020.06.23"]
[Round "7"]
[White "Iljushin_Alexey"]
[Black "letsgoband"]
[Result "1-0"]
[WhiteElo "2720"]
[BlackElo "2557"]
[TimeControl "180+1"]
[EndTime "11:19:13 PDT"]
[Termination "Iljushin_Alexey won by resignation"]

1. d4 Nf6 2. c4 g6 3. Nc3 Bg7 4. Nf3 O-O 5. Bf4 d6 6. h3 Nbd7 7. e3 b6 8. Be2 Bb7 9. O-O Re8 10. Rc1 e5 11. Bh2 a5 12. d5 Nc5 13.
Nd2 Bc8 14. e4 Rf8 15. b3 Nh5 16. Bxh5 gxh5 17. Qxh5 f5 18. exf5 Bxf5 19. Rfe1 Nd3 20. Nde4 Nxc1 21. Rxc1 Bg6 22. Qe2 Bh6 23. Re1 Rf7 24.
Bg3 Bf4 25. Qg4 Kh8 26. Bh4 Qd7 27. Qxd7 Rxd7 28. Bf6+ Kg8 29. g3 Bh6 30. Bg5 Bxg5 31. Nxg5 Rf8 32. Kg2 h6 33. Nge4 Kg7 34. f3 Bh5 35. Re3 Rdf7 36. Nd2 Bg6 37. Nce4 Ra8 38. a4 Kf8 39. g4 Ke7 40. h4 Kd7 41. h5 Bh7 42.
Kg3 Rg8 43. Kh4 Rf4 44. Kg3 Rg7 45. Nf2 Bc2 46. Nde4 Rgf7 47. Rc3 Bxe4 48. Nxe4 Rg7 49. Re3 Rf8 50. Kg2 Rc8 51. Ng3 Rf8 52. Kf2 Rg5 53.
Ke2 Rf4 54. Ne4 Rg7 55. Rd3 Ke7 56. Re3 Kf7 57. Rd3 Rgxg4 58. Nxd6+ cxd6 59. fxg4 Rxg4 60. Rf3+ Kg7 61. Kf2 Rg5 62. b4 axb4 63. Rb3 Rxh5 64.
Rxb4 Rh4 65. Ke3 Rh3+ 66. Ke4 Kf7 67. Rxb6 Rh4+ 68. Kd3 Rh3+ 69. Kd2 Ke7 70. Rb7+ Kf6 71. Rd7 Ra3 72. Rxd6+ Kf5 73. Rxh6 Rxa4 74. Kc3 e4 75.
Kd4 e3 76. Re6 1-0

[Event "*** SCC Grand Prix: Titled Tuesday Blitz"]
[Site "Chess.com"]
[Date "2020.06.23"]
[Round "7"]
[White "ferdipy"]
[Black "vinniethepooh"]
[Result "1/2-1/2"]
[WhiteElo "2382"]
[BlackElo "2565"]
[TimeControl "180+1"]
[EndTime "11:19:14 PDT"]
[Termination "Game drawn - insufficient material"]

1. e4 c5 2. d4 cxd4 3. c3 Nf6 4. e5 Nd5 5. cxd4 d6 6. Nf3 Nc6 7. h3 e6 8. a3 Be7 9. Bd3 O-O 10. O-O b6 11. Qc2 Bb7 12. Bxh7+ Kh8 13. Bd3 Rc8 14. Qe2 g6 15. Bd2 Kg7 16. Nc3 Na5 17.
Nxd5 Bxd5 18. Bc3 Nb3 19. Rad1 Qc7 20. exd6 Bxd6 21. Ne5 Rh8 22. Qg4 Rh6 23. Bd2 Nxd2 24. Rxd2 Bxe5 25. Rc2 Bh2+ 26. Kh1 Bc6 27. d5 exd5 28. Rfc1 Be5 29. b4 Bd7 30. Rxc7 Bxg4 31. Rxc8 Bxc8 32. Rxc8 Rh4 33. g3 Rd4 34. Bb5 Rd2 35.
Kg2 Bd4 36. Rd8 Bxf2 37. Kf3 d4 38. Rd7 Be3 39. Rxa7 Rf2+ 40. Ke4 Kh6 41. g4 f5+ 42. gxf5 gxf5+ 43. Ke5 Kg5 44. Bd3 f4 45. a4 Kh4 46.
Rh7+ Kg3 47. a5 bxa5 48. bxa5 Ra2 49. a6 f3 50. Ke4 f2 51. Rg7+ Kh2 52. h4 Ra3 53.
Bf1 Ra1 54. Bd3 f1=Q 55. Bxf1 Rxf1 56. a7 Ra1 57. h5 Ra6 58. Kf3 Ra4 59. h6 Bxh6 60.
Rh7 Kg1 61. Rxh6 Rxa7 62. Ke4 Ra4 63. Kd3 Ra3+ 64. Kxd4 Rg3 65. Re6 Rg2 66. Re4 Kf2 67. Rf4+ Kg3 68. Re4 Rh2 69. Re3+ Kg2 70. Re2+ Kg3 71.
Rxh2 Kxh2 1/2-1/2

[Event "*** SCC Grand Prix: Titled Tuesday Blitz"]
[Site "Chess.com"]
[Date "2020.06.23"]
[Round "7"]
[White "Bazarov04"]
[Black "RobertoJBM"]
[Result "0-1"]
[WhiteElo "2500"]
[BlackElo "2665"]
[TimeControl "180+1"]
[EndTime "11:19:17 PDT"]
[Termination "RobertoJBM won on time"]

1. Nf3 d5 2. b3 Bg4 3. Bb2 Nd7 4. g3 c6 5. Bg2 e6 6. O-O Ngf6 7. c4 Bd6 8. Nc3 Qe7 9. d3 O-O 10. h3 Bh5 11. Qc2 Rfe8 12. e4 dxe4 13. Nxe4 Nxe4 14.
dxe4 Bxf3 15. Bxf3 Be5 16. Bg2 Bxb2 17. Qxb2 e5 18. Rad1 a5 19. f4 f6 20. Rd2 Nc5 21.
fxe5 Qxe5 22. Qxe5 Rxe5 23. Rfd1 Kf7 24. Rd8 Rxd8 25.
Rxd8 Re7 26. Ra8 Na6 27. Kf2 Ke6 28. Ke3 Kd6 29. Kd4 Kc7 30. h4 Rd7+ 31. Ke3 Kb6 32. Bh3 Re7 33. Rh8 g6 34. Kf4 Nc5 35. Bg2 a4 36. bxa4 Ka5 37. h5 Kxa4 38. Kg4 Nd3 39. Rf8 Ne5+ 40. Kf4 Nd7 41. Rg8 gxh5 42. Bf3 Kb4 43.
Bxh5 Kxc4 44. Bg4 Ne5 45. Bf5 b5 46. g4 Ra7 47. g5 Nd3+ 48. Ke3 fxg5 49. Rxg5 Ra3 50.
Be6+ Kb4 51. Bb3 c5 52. Bg8 h6 53. Rg7 c4 54. Kd4 Rxa2 55. e5 Rd2 56. e6 Nf4+ 57. Ke3 Nxe6 58. Bxe6 Rd6 59. Bf5 c3 60. Rb7 Kc4 61. Bb1 Re6+ 62. Kf2 Re5 63. Ba2+ Kb4 64. Bb1 Kb3 65. Bd3 b4 66. Rc7 Kb2 67. Kf3 b3 68.
Kf4 Re6 69. Bf5 Rf6 70. Ke5 Rxf5+ 71. Kxf5 c2 72. Kg6 c1=Q 73. Rxc1 Kxc1 0-1

[Event "*** SCC Grand Prix: Titled Tuesday Blitz"]
[Site "Chess.com"]
[Date "2020.06.23"]
[Round "7"]
[White "WiktoriaPOL"]
[Black "dosto07"]
[Result "0-1"]
[WhiteElo "1935"]
[BlackElo "2164"]
[TimeControl "180+1"]
[EndTime "11:19:19 PDT"]
[Termination "dosto07 won by checkmate"]

1. c4 e5 2. Nc3 Nf6 3. Nf3 Nc6 4. e4 Bb4 5. d3 O-O 6. a3 Bc5 7. g3 d6 8. Bg2 Bg4 9. O-O h6 10. h3 Be6 11. b4 Bb6 12. Be3 Nd4 13. Bxd4 exd4 14.
Ne2 c5 15. b5 a6 16. a4 axb5 17. axb5 Qd7 18. Nf4 Ba5 19. Nd5 Bxd5 20. exd5 Bc3 21. Rxa8 Rxa8 22. Qb3 Qc7 23. Nh4 g6 24. f4 Qa5 25. f5 g5 26. Nf3 Qa2 27. Qxa2 Rxa2 28. Rf2 Ra1+ 29. Rf1 Ra2 30. Rf2 Ra3 31. Bf1 Kf8 32.
g4 Bb4 33. Kg2 Rc3 34. Kg3 Rc1 35. h4 Be1 36. Nxe1 Rxe1 37. hxg5 hxg5 38. Be2 Nd7 39. Rh2 Kg7 40. Kf2 Ra1 41. Kg3 Ne5 42. Rf2 Ra3 43.
f6+ Kg6 44. Bf3 Rxd3 45. Kg2 Rxf3 46. Rxf3 Nxf3 47. Kxf3 Kxf6 48. Ke4 Kg6 49. Kf3 f6 50.
Ke4 f5+ 51. gxf5+ Kf6 52. b6 g4 53. Kf4 g3 54. Kxg3 Kxf5 55. Kf3 Ke5 56. Ke2 Ke4 57.
Kd2 d3 58. Ke1 Kd4 59. Kd2 Kxc4 60. Kd1 Kd4 61. Kd2 c4 62. Kd1 Kxd5 63. Kd2 Kc5 64. Kc3 d5 65. Kd2 Kxb6 66. Kc3 Kc5 67. Kd2 d4 68. Kd1 Kb4 69. Kc1 Kc3 70. Kd1 d2 71. Ke2 Kc2 72. Kf2 d1=Q 73. Kg3 Qe2 74. Kh3 Qf1+ 75.
Kh4 Kd2 76. Kh5 Ke3 77. Kh4 Ke4 78. Kh5 Qg2 79. Kh4 Kf4 80. Kh5 Qg5# 0-1

[Event "*** SCC Grand Prix: Titled Tuesday Blitz"]
[Site "Chess.com"]
[Date "2020.06.23"]
[Round "7"]
[White "stanyga"]
[Black "rpragchess"]
[Result "1-0"]
[WhiteElo "2616"]
[BlackElo "2769"]
[TimeControl "180+1"]
[EndTime "11:19:20 PDT"]
[Termination "stanyga won by resignation"]

1. e4 c5 2. Nf3 Nc6 3. Bb5 g6 4.
Bxc6 bxc6 5. O-O Bg7 6. Re1 Nh6 7. c3 O-O 8. d4 cxd4 9. cxd4 d5 10. e5 f6 11.
exf6 exf6 12. Nc3 Re8 13. Rxe8+ Qxe8 14. h3 g5 15. Be3 g4 16. hxg4 Bxg4 17. Bxh6 Bxh6 18.
Qd3 Qh5 19. Re1 Kh8 20. Re7 Bf4 21. Ne2 Bd6 22. Ng3 Qh6 23. Re1 Qf4 24. Nh4 Rg8 25.
Kf1 Be2+ 26. Rxe2 Qxh4 27. Re3 Bxg3 28. Rxg3 Rxg3 29. fxg3 Qg5 30. Kg1 Qc1+ 31. Qf1 Qxf1+ 32. Kxf1 Kg7 33. Kf2 Kg6 34. Kf3 Kf5 35. g4+ Kg5 36.
g3 f5 37. gxf5 Kxf5 38. g4+ Kg5 39. Kg3 h6 40. b4 a6 41. a4 Kg6 42. Kh4 Kf6 43. Kh5 Kg7 44. g5 hxg5 45. Kxg5 Kf7 46. Kf5 Ke7 47. Ke5 Kd7 48. Kf6 Kd6 49. Kf5 Kd7 50.
Kf6 Kd6 51. Kf7 Kd7 52. a5 Kd6 53. Ke8 Ke6 54. Kd8 Kf5 55. Kc7 Ke4 56. Kxc6 Kxd4 57.
b5 axb5 58. a6 b4 59. a7 b3 60. a8=Q b2 61. Qh8+ Kc4 62. Qxb2 d4 63. Qd2 d3 64. Kd6 Kd4 65. Ke6 Ke4 66. Qe1+ Kd4 67. Qe5+ Kc4 68. Qb2 1-0

[Event "*** SCC Grand Prix: Titled Tuesday Blitz"]
[Site "Chess.com"]
[Date "2020.06.23"]
[Round "7"]
[White "Elegance_Riks"]
[Black "Love_craft"]
[Result "1-0"]
[WhiteElo "2593"]
[BlackElo "2445"]
[TimeControl "180+1"]
[EndTime "11:19:25 PDT"]
[Termination "Elegance_Riks won by resignation"]

1. e4 g6 2. d4 Bg7 3. Nf3 d6 4.
c3 Nd7 5. Bd3 e5 6. O-O Ngf6 7.
Re1 O-O 8. Nbd2 Nh5 9. Nf1 Kh8 10. Ng3 Nxg3 11. hxg3 Qe7 12. Bg5 f6 13. Bd2 Re8 14. a4 a5 15. Qb3 Nb6 16. Bb5 Rf8 17. Bd3 Be6 18. Qc2 Qf7 19. d5 Bc8 20. b4 Bd7 21.
c4 Bc8 22. c5 Nd7 23. cxd6 cxd6 24. Qc7 Qe7 25. bxa5 Rf7 26. Bb4 Bf8 27. Rec1 Nc5 28. Qxe7 Bxe7 29. Bxc5 dxc5 30. Nd2 Rxa5 31. Nc4 Ra6 32.
a5 Rf8 33. Nb6 Ra7 34. Bb5 Rd8 35. Rd1 Bd6 36. Rdc1 f5 37. Nc4 fxe4 38. Nxd6 Rxd6 39. Rxc5 Bf5 40. Bc4 b6 41. Rb5 Rxa5 42. Raxa5 bxa5 43. Rxa5 h5 44. Ra7 e3 45. fxe3 Be4 46. Ra5 Kg7 47. Rc5 Kf6 48. Kf2 Kg5 49. Kg1 Kf5 50. Kf2 Kg5 51. Rb5 Kf5 52. Bb3 Kg5 53. Rc5 Kf5 54.
Rb5 Kg5 55. Ba2 Kf5 56. Bc4 Rd7 57. Rb2 Rd6 58. Rd2 Kg5 59. Bb3 Kf5 60. Kg1 Kg4 61. Kh2 Kg5 62. Kg1 Kg4 63. Kf2 Kg5 64. Kg1 Kf5 65. Kf2 Kg4 66. Bd1+ Kf5 67. Bf3 Rd7 68. Rd1 Bxf3 69. gxf3 e4 70. Rd4 exf3 71. Kxf3 Ke5 72.
Re4+ Kxd5 73. Rd4+ Ke6 74. Rxd7 Kxd7 75. Kf4 Ke6 76. Kg5 Kf7 77. e4 Kg7 78. e5 Kf7 79. Kh6 h4 80. gxh4 Ke6 81. Kxg6 Kxe5 82. h5 1-0

[Event "*** SCC Grand Prix: Titled Tuesday Blitz"]
[Site "Chess.com"]
[Date "2020.06.23"]
[Round "7"]
[White "ElviraBerend"]
[Black "mamey78"]
[Result "1-0"]
[WhiteElo "2488"]
[BlackElo "2343"]
[TimeControl "180+1"]
[EndTime "11:19:34 PDT"]
[Termination "ElviraBerend won on time"]

1. d4 d5 2. c4 c6 3. Nf3 Nf6 4.
e3 e6 5. b3 Nbd7 6. Be2 Bb4+ 7. Nbd2 O-O 8. O-O b6 9. Bb2 Bb7 10. Bd3 Bd6 11. e4 dxe4 12. Nxe4 Be7 13. Qe2 c5 14. Rad1 Qc7 15. dxc5 bxc5 16. Ng3 a5 17. Bb1 Rfe8 18. Ne5 Nxe5 19. Bxe5 Qc6 20. f3 a4 21.
Qc2 g6 22. Qc3 Nd7 23. Ne4 axb3 24. axb3 Nxe5 25. Qxe5 Qb6 26. Rd3 Rad8 27. Rfd1 Bxe4 28. Qxe4 Rd4 29. Rxd4 cxd4 30. Qd3 Bb4 31. g3 e5 32. Kg2 Qc5 33. h4 Kg7 34. h5 f5 35.
Qe2 Qd6 36. Rh1 Qe7 37. Qd3 Bc5 38. Re1 Qg5 39. hxg6 hxg6 40. f4 Qh5 41. fxe5 Rh8 42. e6 Qh3+ 43. Kf3 Bd6 44. Rg1 Qg4+ 45. Kg2 Rh3 46. Kf1 Rxg3 47. Rxg3 Bxg3 48. c5 Qh3+ 49. Ke2 Qg2+ 50. Kd1 Qg1+ 51. Kc2 Qf2+ 52. Qd2 Qf3 53. Qd3 Qf2+ 54. Qd2 Qf3 55. Qxd4+ Kh6 56. Qd2+ Bf4 57. Qd3 Qf2+ 58. Kc3 Qe1+ 59. Kc4 Qxe6+ 60. Kb5 Qe8+ 61. c6 Qb8+ 62. Kc4 Qb6 63. Qd5 Bg5 64. b4 Qa6+ 65.
b5 Qb6 66. Bc2 Qe3 67. Qd3 Qc1 68. c7 Qb1 69. c8=Q Qa1 70. Qf8+ 1-0

[Event "*** SCC Grand Prix: Titled Tuesday Blitz"]
[Site "Chess.com"]
[Date "2020.06.23"]
[Round "7"]
[White "MarcoRiehle"]
[Black "VincentKeymer"]
[Result "1-0"]
[WhiteElo "2723"]
[BlackElo "2829"]
[TimeControl "180+1"]
[EndTime "11:19:47 PDT"]
[Termination "MarcoRiehle won on time"]

1. e4 c6 2. c4 d5 3. exd5 cxd5 4. cxd5 Nf6 5. Nc3 g6 6. Bc4 Bg7 7. Nf3 O-O 8. O-O Nbd7 9. d3 Nb6 10. Qb3 Bg4 11.
Ne5 Bf5 12. Re1 Rc8 13. Bg5 h6 14. Bh4 g5 15. Bg3 Nfd7 16. a4 Nc5 17. Qd1 Nbd7 18. b4 Na6 19. Qb3 Nab8 20. Rac1 a6 21. a5 h5 22. h3 h4 23. Bh2 Nxe5 24. Bxe5 Nd7 25. Bxg7 Kxg7 26. Ne4 Bxe4 27. dxe4 Ne5 28. Be2 Qd6 29.
Bg4 Rc7 30. Qe3 f6 31. Be6 Ng6 32. Qb6 Rxc1 33. Rxc1 Qf4 34. Qe3 Qe5 35. Bf5 Nf4 36.
Kh1 Rf7 37. Qc3 Qd6 38. Qc5 Qe5 39. Qc3 Qd6 40. Qc5 Nd3 41. Qxd6 exd6 42. Rc4 Nxf2+ 43. Kg1 Nd3 44. Kf1 Re7 45. Ke2 Nf4+ 46. Kf3 Nd3 47. Rc8 Nxb4 48. Rd8 Nd3 49. Rxd6 Ne5+ 50. Kf2 Nc4 51.
Rd8 Kf7 52. d6 Re8 53. Bg6+ Kxg6 54. Rxe8 Nxd6 55. Re6 Nc4 56. Kf3 Nxa5 57. e5 Kf5 58. Rxf6+ Kxe5 59. Rb6 Kf5 60. Kf2 Nc4 61. Rxb7 Ne5 62.
Ra7 Nd3+ 63. Ke3 Ne1 64. Kf2 Nd3+ 65. Kg1 Nc5 66. Rc7 Ne4 67. Ra7 Nc5 68. Kh2 Ke5 69.
g3 hxg3+ 70. Kxg3 Ne4+ 71. Kg4 Kf6 72. Rxa6+ Kg7 73. Ra5 Nf2+ 74. Kg3 Ne4+ 75. Kf3 Nf6 76. Rxg5+ Kh6 77. Ra5 Kg6 78. h4 Kh6 79. Rg5 Nh5 80.
Kg4 Nf6+ 81. Kf5 Nh5 82. Rg6+ Kh7 83. Kg5 Ng3 84. Re6 Nf1 85. Re7+ Kg8 86. Kg6 Kf8 87. Rf7+ 1-0

[Event "*** SCC Grand Prix: Titled Tuesday Blitz"]
[Site "Chess.com"]
[Date "2020.06.23"]
[Round "7"]
[White "FMOlexandrProhorov"]
[Black "ArnieChipmunk"]
[Result "0-1"]
[WhiteElo "2114"]
[BlackElo "2333"]
[TimeControl "180+1"]
[EndTime "11:19:49 PDT"]
[Termination "ArnieChipmunk won by resignation"]

1. e4 e5 2. Nf3 d6 3. d4 f5 4.
Nc3 fxe4 5. Nxe4 Nf6 6. Nxf6+ gxf6 7. dxe5 dxe5 8. Bd3 Be6 9. O-O Nc6 10. Re1 Qd7 11.
Bb5 O-O-O 12. Qxd7+ Bxd7 13. Be3 a6 14. Bc4 Bd6 15.
Rad1 Rhe8 16. c3 e4 17. Nd4 Ne5 18. Be2 Bg4 19. h3 Bxe2 20. Rxe2 Bc5 21. Red2 Nc4 22.
Re2 Ne5 23. Red2 Bxd4 24. Rxd4 f5 25. Bg5 Rxd4 26. Rxd4 Rg8 27. Rd5 Nf3+ 28. gxf3 Rxg5+ 29. Kf1 exf3 30. Rd3 Rg7 31. Rxf3 Rf7 32. Ke2 Kd7 33. Kd3 Ke6 34. Rf4 Ke5 35. Rb4 c5 36. Rb6 Rd7+ 37. Ke3 f4+ 38. Ke2 Ke4 39. Re6+ Kf5 40. Rh6 Re7+ 41. Kd2 f3 42. Rh5+ Kf4 43. Rxc5 Re2+ 44. Kd3 Rxb2 45. Rc8 Rxf2 46. Rf8+ Kg3 47. Ke3 Rf1 48.
Rg8+ Kh2 49. h4 f2 50. Ke2 Rg1 51. Rf8 Kh3 52. Rf3+ Kxh4 53. Rxf2 Kg4 54. Kd3 Rb1 55. Rf7 h5 56. c4 h4 57. c5 h3 58. Rg7+ Kf3 59. Rf7+ Kg3 60. Ke3 Rc1 61. Rg7+ Kh4 62. Rxb7 Rxc5 63. Rh7+ Rh5 64. Rg7 h2 65. a4 h1=Q 66.
Kd4 Qd1+ 67. Kc4 Qd5+ 0-1

[Event "*** SCC Grand Prix: Titled Tuesday Blitz"]
[Site "Chess.com"]
[Date "2020.06.23"]
[Round "7"]
[White "Djager97"]
[Black "fabianvivasz"]
[Result "1/2-1/2"]
[WhiteElo "2445"]
[BlackElo "2281"]
[TimeControl "180+1"]
[EndTime "11:19:58 PDT"]
[Termination "Game drawn - insufficient material"]

1. e4 e5 2. Nf3 Nc6 3. d4 exd4 4. Nxd4 Nf6 5. Nxc6 bxc6 6. e5 Qe7 7. Qe2 Nd5 8. c4 Ba6 9. b3 Qh4 10. Bb2 Bb4+ 11.
Nd2 Nc3 12. Qd3 Ne4 13. g3 Bxd2+ 14. Qxd2 Nxd2 15. gxh4 Nf3+ 16. Kd1 O-O 17. Kc2 Rfe8 18. Bh3 Rad8 19. Rad1 Nxe5 20. Bxe5 Rxe5 21. Rxd7 Rxd7 22.
Bxd7 Re2+ 23. Kc3 Rxa2 24. Re1 g6 25. Bxc6 Rxf2 26. Re8+ Kg7 27. Ra8 Rf6 28. Bd5 c6 29. Be4 Re6 30. Kd3 f5 31. Rxa7+ Kh6 32. Bxf5 gxf5 33. Rxa6 f4 34. Ra5 Kg6 35. Rg5+ Kf6 36. Rg4 Kf5 37. Rg5+ Kf6 38. Rg8 Ke5 39. Rf8 Rd6+ 40.
Kc3 Ke4 41. b4 Rd3+ 42. Kc2 Rd4 43. Kc3 Rd3+ 44. Kc2 Rh3 45. b5 cxb5 46. cxb5 Rxh2+ 47. Kc3 Rh3+ 48. Kc4 Rh1 49. b6 Rb1 50. Re8+ Kf3 51. Kc5 Kg3 52. Kc6 f3 53. b7 f2 54. Rg8+ Kxh4 55.
Rf8 Kg3 56. Rf5 Kg2 57. Rg5+ Kf3 58. Rf5+ Ke2 59. Re5+ Kd2 60. Rd5+ Ke1 61. Re5+ Kf1 62. Rh5 Rb3 63. Rxh7 Kg2 64. Rg7+ Kh2 65. Rh7+ Kg3 66. Rg7+ Kh4 67. Rf7 Kg3 68. Kc7 Kg2 69. Rg7+ Kh2 70.
Rh7+ Kg2 71. Rg7+ Kh2 72. Rf7 Kg2 73. Rxf2+ Kxf2 74. b8=Q Rxb8 75. Kxb8 1/2-1/2

[Event "*** SCC Grand Prix: Titled Tuesday Blitz"]
[Site "Chess.com"]
[Date "2020.06.23"]
[Round "7"]
[White "kirillshevchenko"]
[Black "nrvisakh"]
[Result "1-0"]
[WhiteElo "2928"]
[BlackElo "2777"]
[TimeControl "180+1"]
[EndTime "11:20:32 PDT"]
[Termination "kirillshevchenko won on time"]

1. e4 c5 2. Nc3 d6 3. g3 g6 4. Bg2 Bg7 5. d3 Nc6 6. Be3 e6 7. Qd2 Rb8 8. a4 a6 9. Nge2 b5 10. axb5 axb5 11. O-O b4 12. Nd1 Nge7 13. c3 O-O 14. d4 bxc3 15. bxc3 cxd4 16. cxd4 d5 17. e5 Nf5 18. Ndc3 Bd7 19. Bg5 Qb6 20. Rfb1 Qc7 21. Bf6 Rxb1+ 22. Rxb1 Rb8 23. Rd1 Na5 24. g4 Nc4 25. Qc1 Bxf6 26. exf6 Nfd6 27. Bxd5 Ne8 28.
Bxc4 Qxc4 29. Qf4 Rb2 30. d5 Qxf4 31. Nxf4 Nxf6 32. g5 Nxd5 33. Nfxd5 exd5 34. Nxd5 Kg7 35. Nf6 Bc6 36. h4 Rb8 37. Kh2 h6 38. Rd6 Ba8 39. Kg3 Rb3+ 40. Kh2 Rb8 41. Rd3 Rc8 42. f4 Rb8 43.
Kg3 Rc8 44. Kf2 Bb7 45. Ke3 Ba6 46. Ra3 Bc4 47. Kd4 Be6 48. Ke5 Rc5+ 49. Kd6 Rc8 50. Ke7 Rc7+ 51. Kd6 Rc8 52. Ra7 hxg5 53. hxg5 Rd8+ 54.
Ke5 Rb8 55. Ne4 Rb5+ 56. Kd6 Rf5 57. Nf6 Rxf4 58. Ra8 Rxf6 59. gxf6+ Kxf6 60. Rg8 g5 61. Kc5 Kf5 62. Kd4 Kf4 63. Kd3 f5 64. Re8 Bd5 65. Rd8 Bf3 66. Rg8 g4 67. Kd2 Kg3 68. Ke1 f4 69. Rf8 Bg2 70. Ke2 f3+ 71. Ke3 Kh2 72.
Rh8+ Kg3 73. Rf8 Bh3 74. Rf7 Kg2 75. Rf8 Kg1 76. Rf7 Bg2 77. Kf4 Bh3 78. Kg3 Bf1 79. Rf6 Be2 80. Rf4 Kf1 81. Rxg4 f2 82. Rf4 Ke1 83.
Rxf2 Kd2 84. Kf4 Kd3 85. Rh2 Bd1 86. Rh8 Be2 87. Rd8+ Kc3 88. Ke3 Bf1 89. Rc8+ Kb3 90. Kd4 Be2 91. Rc3+ Kb2 92. Re3 Ba6 93. Re6 Bf1 94.
Rf6 Bh3 95. Rf2+ Kc1 96. Kd3 Bg4 97. Kc3 1-0

[Event "*** SCC Grand Prix: Titled Tuesday Blitz"]
[Site "Chess.com"]
[Date "2020.06.23"]
[Round "7"]
[White "Schandenfreude"]
[Black "temus_galaktionov"]
[Result "0-1"]
[WhiteElo "2524"]
[BlackElo "2699"]
[TimeControl "180+1"]
[EndTime "11:20:59 PDT"]
[Termination "temus_galaktionov won on time"]

1. Nf3 c6 2. c4 g6 3. Nc3 Bg7 4. e3 d6 5. d4 Nd7 6. Be2 Ngf6 7. O-O O-O 8. b4 e5 9. b5 Re8 10. Ba3 Qa5 11. Qb3 exd4 12. bxc6 dxc3 13. cxd7 Nxd7 14.
Bxd6 Nc5 15. Qb5 Qxb5 16. cxb5 Ne4 17. Bb4 Be6 18. Nd4 Rac8 19. Nxe6 Rxe6 20. Bd3 Nc5 21.
Bxc5 Rxc5 22. Rac1 Kf8 23. a4 Rd6 24. Bc2 a6 25.
bxa6 bxa6 26. Rfd1 Rd2 27. Bb3 Rb2 28. Bc2 Ke7 29.
Kf1 Rc6 30. Rd5 Rcb6 31. Ke2 Ra2 32. Kd3 Bf6 33. Rc5 Rd6+ 34. Kc4 Rb2 35. Rd5 Rc6+ 36. Kd3 Ke6 37. e4 g5 38. Rb1 h5 39. Rxb2 cxb2 40. Ra5 Rd6+ 41. Ke2 Bc3 42. Rd5 Rxd5 43. exd5+ Kxd5 44. Kd3 Bd4 45. f3 h4 46. g3 h3 47. Bb1 a5 48. Kc2 Kc5 49. Ba2 f6 50.
Be6 Kb4 51. Bd7 Ka3 52. Kb1 Bg1 53. Bxh3 Bxh2 54. g4 Be5 55. Bf1 Kxa4 56. Ka2 Kb4 57. Bd3 Kc3 58. Bb1 Kd2 59. Bf5 Ke3 60. Be4 Kd4 61. Bb1 Kc5 62. Be4 Kb4 63. Bb1 a4 64.
Be4 a3 65. Bb1 Bd6 66. Be4 Kc3 67. Bb1 Kd2 68. Be4 Ke3 69. Bf5 Kxf3 70. Be6 Kf4 71. Bf5 Be7 72. Be6 Ke5 73. Bf5 Kd4 74. Bc8 Kc3 75.
Bf5 Kd2 76. Bb1 Kc1 77. Bf5 Bc5 78. Be4 Bd6 79. Bf5 Kd2 80. Be4 Ke3 81. Bf5 Kf3 82. Bc8 Kf4 83. Bf5 Ke5 84. Bc8 Kd4 85. Bf5 Kc3 86. Bb1 Be7 87. Bf5 Bf8 88. Bb1 Kd2 89.
Bf5 Ke2 90. Bb1 Kf2 91. Bf5 Kg3 92. Kb1 Kf4 93. Ka2 Ke3 94. Kb1 Kd2 95. Ka2 Kc3 96.
Bg6 Bc5 97. Bf5 Kd2 98. Bg6 Kc1 99. Bf5 Be7 100. Bg6 Bd8 101. Bf5 Bc7 102. Bg6 Be5 0-1

[Event "*** SCC Grand Prix: Titled Tuesday Blitz"]
[Site "Chess.com"]
[Date "2020.06.23"]
[Round "8"]
[White "1f3_2g41-0"]
[Black "TheLawAdv"]
[Result "1-0"]
[WhiteElo "2234"]
[BlackElo "2015"]
[TimeControl "180+1"]
[EndTime "11:30:17 PDT"]
[Termination "1f3_2g41-0 won by checkmate"]

1. e4 c5 2. Nf3 d6 3. d4 cxd4 4. Nxd4 Nf6 5. Nc3 e5 6. Nde2 Be6 7. h3 d5 8. exd5 Nxd5 9. Nxd5 Qxd5 10. Qxd5 Bxd5 11.
Nc3 Bc6 12. Bc4 Bxg2 13. Rg1 Bxh3 14. Nd5 Bd6 15. Rxg7 Be6 16. Bg5 Nd7 17. O-O-O Bf8 18.
Nc7# 1-0

[Event "*** SCC Grand Prix: Titled Tuesday Blitz"]
[Site "Chess.com"]
[Date "2020.06.23"]
[Round "8"]
[White "BogdanBelyakov89"]
[Black "Savva09022009"]
[Result "1-0"]
[WhiteElo "2579"]
[BlackElo "2447"]
[TimeControl "180+1"]
[EndTime "11:30:26 PDT"]
[Termination "BogdanBelyakov89 won by checkmate"]

1. e4 c5 2. c3 Nf6 3. e5 Nd5 4. Nf3 Nc6 5. d4 cxd4 6. cxd4 d6 7. Bc4 dxe5 8. dxe5 Ndb4 9. Qb3 Na5 10. Bxf7+ Kd7 11.
Qxb4 Nc6 12. Qb3 Kc7 13. Nc3 e6 14. Bxe6 Bxe6 15. Qxe6 Bb4 16. O-O Qd3 17. Qd5 Qg6 18.
Nb5+ Kb6 19. Be3+ Ka5 20. Nd6+ Ka4 21. Qb5# 1-0

[Event "*** SCC Grand Prix: Titled Tuesday Blitz"]
[Site "Chess.com"]
[Date "2020.06.23"]
[Round "8"]
[White "Kopytkin"]
[Black "Colombiano07"]
[Result "1-0"]
[WhiteElo "2402"]
[BlackElo "2232"]
[TimeControl "180+1"]
[EndTime "11:30:43 PDT"]
[Termination "Kopytkin won by resignation"]

1. e4 c5 2. d4 cxd4 3. c3 g6 4. Nf3 Bg7 5. Bc4 d5 6. exd5 Nf6 7. Qxd4 O-O 8. O-O Nbd7 9. Rd1 Nb6 10. Bb3 Bg4 11.
c4 Bxf3 12. gxf3 Nfxd5 13. Qh4 Bf6 14. Bg5 1-0

[Event "*** SCC Grand Prix: Titled Tuesday Blitz"]
[Site "Chess.com"]
[Date "2020.06.23"]
[Round "8"]
[White "CyberneticLion"]
[Black "Baby_Legs"]
[Result "1-0"]
[WhiteElo "2469"]
[BlackElo "2595"]
[TimeControl "180+1"]
[EndTime "11:30:57 PDT"]
[Termination "CyberneticLion won by resignation"]

1. e4 g6 2. d4 Bg7 3. Nc3 d6 4.
Bf4 c6 5. Nf3 Nd7 6. Qd2 b5 7.
a3 a6 8. Be2 Bb7 9. e5 Nf8 10.
exd6 exd6 11. d5 c5 12. O-O Kd7 13. Ne4 Nf6 14. Nxd6 Bxd5 15. c4 bxc4 16. Bxc4 Bxc4 17. Nxf7+ 1-0

[Event "*** SCC Grand Prix: Titled Tuesday Blitz"]
[Site "Chess.com"]
[Date "2020.06.23"]
[Round "8"]
[White "Susal_De_Silva"]
[Black "NMZanette"]
[Result "1-0"]
[WhiteElo "2388"]
[BlackElo "2168"]
[TimeControl "180+1"]
[EndTime "11:31:01 PDT"]
[Termination "Susal_De_Silva won by resignation"]

1. e4 e5 2. Nf3 Nc6 3. Bc4 Nf6 4. d3 Be7 5. O-O O-O 6. Re1 d6 7. a4 a6 8. Nbd2 Kh8 9. Ng5 Qe8 10. f4 h6 11. Ngf3 exf4 12. Nb3 Ne5 13. Bxf4 Nxc4 14. dxc4 Qc6 15. e5 Nh5 16. Nfd4 Qxc4 17. Qxh5 dxe5 18. Bxe5 f6 19. Bf4 Bc5 20. Qxc5 1-0

[Event "*** SCC Grand Prix: Titled Tuesday Blitz"]
[Site "Chess.com"]
[Date "2020.06.23"]
[Round "8"]
[White "AllStarShark"]
[Black "killer311"]
[Result "1/2-1/2"]
[WhiteElo "2313"]
[BlackElo "2414"]
[TimeControl "180+1"]
[EndTime "11:31:14 PDT"]
[Termination "Game drawn by agreement"]

1. d4 d5 2. c4 c6 3. cxd5 cxd5 4. Bf4 Nf6 5. e3 Nc6 6. Nc3 a6 7. Rc1 e6 8. Bd3 Bd6 9. Bxd6 Qxd6 10. f4 O-O 11. Nf3 Ng4 12. Qe2 f5 13. h3 Nf6 14.
a3 Ne4 15. Bxe4 fxe4 16. Ne5 Bd7 17. O-O Be8 18. b4 Rc8 19. Rc2 Nxe5 20. fxe5 Rxf1+ 21. Qxf1 Qf8 22. Qxf8+ Kxf8 23. Rc1 Rc4 24. Ne2 Bb5 25.
Rxc4 Bxc4 26. Nc3 b6 27. Kf2 Ke7 28. a4 1/2-1/2

[Event "*** SCC Grand Prix: Titled Tuesday Blitz"]
[Site "Chess.com"]
[Date "2020.06.23"]
[Round "8"]
[White "monalize"]
[Black "SilviusTiberius"]
[Result "1-0"]
[WhiteElo "2282"]
[BlackElo "2395"]
[TimeControl "180+1"]
[EndTime "11:31:18 PDT"]
[Termination "monalize won by resignation"]

1. e4 e5 2. Nf3 Nc6 3. Bb5 a6 4. Bxc6 dxc6 5. O-O Bg4 6. h3 h5 7.
d3 Qf6 8. Be3 Bd6 9. Nbd2 Ne7 10. Re1 O-O-O 11. hxg4 hxg4 12. Nh2 Rxh2 13. Qxg4+ Kb8 14.
Kxh2 Rh8+ 15. Kg1 1-0